AoeStats
← Labelgique001

Arabia

510117514Analyzed
4v4 RM · 3d ago on Sep 29, 2026· 25m 56s· 8 players
Game mode
Random Map
Map size
Large (8 player)
Population
200
Speed
Normal
Resources
Standard
Victory
Conquest
Starting age
Dark Age
Ending age
Imperial Age
RankedLock teamsTeams togetherTeam positionsShared explorationLock speedFull tech treeHidden civsTurbo modeCheats
Victory
Defeat
🇨🇳 Japanese · China
1300
+12
🇨🇳 Persians · China
1288
+13
🇦🇷 Persians · Argentina
1281
+13
🇧🇷 Chinese · Brazil
1169
+18
🇮🇹 Maya · Italy
1266
-16
🇩🇪 Magyars · Germany
1232
-15
🇨🇳 Britons · China
1196
-13
🇫🇷 Franks · France
1175
-12
ansaro
6:39 Loom
9:08 Feudal Age
10:07 Double-Bit Axe
10:07 Horse Collar
20:31 Wheelbarrow
24:41 Castle Age
23:51 Scale Barding Armor
25:08 Bloodlines
24:47 Light Cavalry
Tonytony_Chopper
0:27 Loom
9:52 Feudal Age
10:49 Double-Bit Axe
13:06 Fletching
14:30 Horse Collar
15:55 Padded Archer Armor
22:25 Castle Age
21:23 Scale Mail Armor
22:26 Crossbowman
23:03 Bodkin Arrow
23:27 Gold Mining
24:36 Ballistics
24:43 Thumb Ring
25:26 Leather Archer Armor
Labelgique001
8:51 Loom
10:48 Feudal Age
13:43 Scale Barding Armor
15:06 Double-Bit Axe
24:25 Castle Age
23:23 Scale Mail Armor
24:41 Gold Mining
24:30 Light Cavalry
25:11 Husbandry
张维为
8:08 Loom
11:52 Feudal Age
14:22 Fletching
16:55 Town Watch
2110316511
10:42 Feudal Age
10:45 Man-at-Arms
12:41 Double-Bit Axe
15:27 Fletching
19:05 Loom
22:38 Castle Age
20:22 Horse Collar
21:25 Gold Mining
21:59 Padded Archer Armor
23:11 Crossbowman
23:48 Bodkin Arrow
jp.manhaes94
7:40 Loom
10:34 Feudal Age
16:17 Wheelbarrow
22:15 Castle Age
20:44 Double-Bit Axe
21:47 Gold Mining
22:58 Crossbowman
24:00 Fletching
1
6:26 Loom
8:34 Feudal Age
8:58 Double-Bit Axe
18:11 Wheelbarrow
21:27 Castle Age
19:43 Forging
19:32 Horse Collar
20:42 Bloodlines
20:25 Gold Mining
21:05 Scale Barding Armor
21:13 Light Cavalry
22:26 Bow Saw
26:41 Chain Barding Armor
孤鸿
6:17 Loom
9:13 Feudal Age
10:47 Double-Bit Axe
12:03 Horse Collar
17:17 Scale Barding Armor
21:12 Castle Age
20:35 Bloodlines
20:38 Forging
21:15 Gold Mining
23:07 Husbandry
24:36 Chain Barding Armor
26:16 Stone Mining
Connection lost

Rejoining the realm…

Still unreachable

The connection could not be restored.

Session expired

The server has moved on; the page needs a fresh start.